 Dungeon Crawl Stone Soup version 0.18.1-5-g4a78601 (webtiles) character file.

226 Chiseanne the Magician (level 5, 25/35 HPs)
             Began as a Demonspawn Wizard on May 11, 2016.
             Quit the game on level 2 of the Dungeon.
             The game lasted 00:04:50 (2466 turns).

Chiseanne the Magician (Demonspawn Wizard)          Turns: 2466, Time: 00:04:51

Health: 25/35      AC:  3    Str: 12    XL:     5   Next: 69%
Magic:  0/12       EV: 12    Int: 20    God:
Gold:   50         SH:  0    Dex: 11    Spells: 4 memorised, 5 levels left

rFire  . . .     SeeInvis .     g - +0 dagger
rCold  . . .     Gourm    .     a - +0 robe
rNeg   . . .     Faith    .     (no shield)
rPois  .         Spirit   .     (helmet restricted)
rElec  .         Dismiss  .     (no cloak)
rCorr  .         Reflect  .     (no gloves)
SustAt .         Harm     .     (no boots)
MR     .....                    (no amulet)
Stlth  ++........               (no ring)
                                f - +4 ring of strength

@: repel missiles, not resistant to hostile enchantments, unstealthy
A: antennae 1, icy blue scales 1, spiny 1
a: no special abilities


You were on level 2 of the Dungeon.
You were not hungry.

You visited 1 branch of the dungeon, and saw 2 of its levels.

You collected 50 gold pieces.

Inventory:

Hand Weapons
 g - a +0 dagger (weapon)
Missiles
 h - 84 stones (quivered)
 k - 29 bolts
Armour
 a - a +0 robe (worn)
 l - a +0 helmet
Jewellery
 f - a +4 ring of strength (left hand)
Scrolls
 i - a scroll of identify
Potions
 j - a potion of curing
 m - a potion of agility
 n - a potion of flight
Books
 c - a book of Minor Magic

   Spells                             Type                      Level
   a - Magic Dart                     Conjuration                  1
   b - Blink                          Translocation                2
   c - Call Imp                       Summoning                    2
   d - Repel Missiles                 Charms/Air                   2
   e - Slow                           Hexes                        2
   f - Conjure Flame                  Conjuration/Fire             3
   g - Mephitic Cloud                 Conjuration/Poison/Air       3
Comestibles
 d - 3 bread rations
 o - a meat ration


   Skills:
 - Level 1.7 Dodging
 - Level 1.7 Stealth
 * Level 4.6 Spellcasting
 * Level 4.1 Conjurations
   Level 1.0 Summonings
 - Level 0.8 Translocations


You had 5 spell levels left.
You knew the following spells:

 Your Spells              Type           Power        Failure   Level  Hunger
a - Magic Dart            Conj           ###.         2%          1    None
b - Blink                 Tloc           N/A          14%         2    #......
c - Repel Missiles        Chrm/Air       #.....       21%         2    #......
d - Mephitic Cloud        Conj/Pois/Air  ##......     21%         3    ##.....


Dungeon Overview and Level Annotations

Branches:
Dungeon (2/15)

Altars:


Innate Abilities, Weirdness & Mutations

You have a pair of small antennae on your head.
You are partially covered in icy blue scales (AC +1).
You are partially covered in sharp spines.


Message History

The magic dart hits Sigmund.
Sigmund is almost dead.
Sigmund gestures wildly.
Sigmund closely misses you.
You hit Sigmund.
Sigmund is almost dead.
Sigmund gestures wildly.
You hit Sigmund.
You kill Sigmund!
Your Spellcasting skill increases to level 4!
Your Conjurations skill gained 2 levels and is now at level 4!
You have reached level 4!
You feel stronger.
Your demonic ancestry asserts itself...
Sharp spines emerge from parts of your body.
You have reached level 5!
Your demonic ancestry asserts itself...
A pair of antennae grows on your head!
Your +0 helmet falls away!
Unknown command.
Are you sure you want to abandon this character and quit the game? (Confirm with "yes".)

#.###...####.##.#
#.#^......##.##.######
####.#.#...#............#
.....#.##.#####.#...###.
####.#.##.#####..†...##
#..................#.#
###.##.#####.........#
#.##.#####)......#.#
#.##.......@....## #
#.########.....## #.#
#..#### #.# #... #.. ##..
### #.## #.# #.#


There were no monsters in sight!

Vanquished Creatures
  Sigmund (D:2)
  An adder (D:1)
  2 oozes (D:1)
  A worm (D:2)
  A dart slug (D:2)
  3 giant geckos
  4 giant cockroaches (D:1)
  10 goblins (D:1)
  3 hobgoblins
  3 jackals (D:1)
  2 kobolds
  2 ball pythons
  A bat (D:2)
  2 giant newts (D:1)
  5 rats (D:1)
41 creatures vanquished.

Notes
Turn   | Place    | Note
--------------------------------------------------------------
     0 | D:1      | Chiseanne the Demonspawn Wizard began the quest for the Orb.
     0 | D:1      | Reached XP level 1. HP: 13/13 MP: 4/4
     3 | D:1      | Found a runed door.
   554 | D:1      | Gained mutation: You are partially covered in icy blue scales (AC +1). [demonic ancestry]
   554 | D:1      | Reached XP level 2. HP: 13/19 MP: 1/6
   868 | D:1      | Learned a level 2 spell: Blink
   871 | D:1      | Learned a level 2 spell: Repel Missiles
  1095 | D:1      | Reached XP level 3. HP: 24/24 MP: 3/7
  1392 | D:1      | Learned a level 3 spell: Mephitic Cloud
  2432 | D:2      | Noticed Sigmund
  2465 | D:2      | Killed Sigmund
  2465 | D:2      | Gained mutation: You are partially covered in sharp spines. [demonic ancestry]
  2465 | D:2      | Reached XP level 4. HP: 21/30 MP: 0/10
  2465 | D:2      | Gained mutation: You have a pair of small antennae on your head. [demonic ancestry]
  2465 | D:2      | Reached XP level 5. HP: 25/35 MP: 0/12
  2466 | D:2      | Quit the game

Skill      XL: |  1  2  3 |
---------------+----------+-----
Conjurations   | 2 4 |  4.1
Spellcasting   | 4 |  4.6
Dodging        | |  1.7
Stealth        | |  1.7
Summonings     | |  1.0
Translocations | |  0.8

Action                   |  1- 3 |  4- 6 || total
-------------------------+-------+-------++-------
Melee: Dagger            |    50 |       ||    50
 Cast: Magic Dart        |    92 |       ||    92
       Repel Missiles    |     1 |       ||     1
       Mephitic Cloud    |     2 |       ||     2
  Use: Scroll            |     4 |       ||     4
 Stab: Confused          |     1 |       ||     1
       Sleeping          |     1 |       ||     1
  Eat: Chunk             |     5 |       ||     5
Armor: Robe              |     9 |       ||     9
Dodge: Dodged            |    42 |       ||    42
